 Dungeon Crawl Stone Soup version 0.31-a0-544-gceb718ecc6 (webtiles) character file.

Game seed: 17478117177592160231

11 Ofeo the Ruffian (level 2, 22/22 HPs)
             Began as a Demonspawn Shapeshifter on Aug 15, 2023.
             Quit the game on level 1 of the Dungeon.
             The game lasted 00:00:31 (577 turns).

Ofeo the Ruffian (Demonspawn Shapeshifter)           Turns: 577, Time: 00:00:32

Health: 22/22      AC:  2    Str: 15    XL:     2   Next: 17%
Magic:  2/2        EV: 12    Int:  9    God:
Gold:   38         SH:  0    Dex: 13    Spells: 1/1 levels left

rFire   . . .        e - +0 spear
rCold   . . .        (no shield)
rNeg    . . .        a - +0 animal skin
rPois   .            (helmet currently unavailable)
rElec   .            (cloak currently unavailable)
rCorr   .            (gloves currently unavailable)
SInv    .            (boots currently unavailable)
Will    .....        (no amulet)
Stlth   +            (no ring)
HPRegen 0.23/turn    (no ring)
MPRegen 0.08/turn

%: no passive effects
@: beast-form
A: beast (slay +1), foul stench 1
a: Begin Untransformation


You were on level 1 of the Dungeon.
You were a hulking beast.
You visited 1 branch of the dungeon, and saw 1 of its levels.

You collected 38 gold pieces.

Inventory:

Hand Weapons
 e - a +0 spear (weapon)
Armour
 a - a +0 animal skin (worn)
Talismans
 c - a beast talisman (active)
 d - a flux talisman
Scrolls
 b - a scroll of noise {unknown}
 g - a scroll of identify {unknown}
 h - a scroll of enchant armour {unknown}
Potions
 f - a potion of degeneration {unknown}
 l - a potion of lignification


   Skills:
 + Level 2.1 Fighting
 - Level 1.8 Dodging
 - Level 2.7 Unarmed Combat
 - Level 2.7 Shapeshifting


You had one spell level left.
You didn't know any spells.
Your spell library was empty.

Dungeon Overview and Level Annotations

Branches:
Dungeon (1/15)

Altars:


Innate Abilities, Weirdness & Mutations

You are a hulking beast.
Your limbs bulge with bestial killing power. (Slay +1)
You may rarely emit foul miasma when damaged in melee.


Message History

You reach to attack!
You hit the hobgoblin.
The hobgoblin is severely wounded.
You hit the hobgoblin.
You kill the hobgoblin!
No target in view!
No target in view!
No target in view!
Things that are here:
a hobgoblin corpse; a hobgoblin corpse No target in view!
Found an escape hatch in the floor.
Could not explore, unopened door.
You open the door.
There is an open door here.
Could not explore, unopened door.
You open the door.
There is an open door here.
A giant cockroach comes into view.
There's nothing to open nearby.
You reach to attack!
You hit the giant cockroach but do no damage.
The giant cockroach misses you.
You barely miss the giant cockroach. The giant cockroach bites you.
You take 2 damage, and have 20/22 hp.
You completely miss the giant cockroach.
The giant cockroach bites you.
You emit a cloud of foul miasma!
You take 1 damage, and have 19/22 hp.
The giant cockroach is engulfed in dark miasma.
The giant cockroach is poisoned.
The giant cockroach bites you.
You take 1 damage, and have 18/22 hp.
You hit the giant cockroach.
The giant cockroach is heavily wounded.
The giant cockroach is engulfed in dark miasma.
The giant cockroach looks even sicker.
You kill the giant cockroach!
No target in view!
h - a scroll labelled CUH LEF WEHUWY A ball python comes into view.
Health restored: 22 Are you sure you want to abandon this character and quit the game? (Confirm with "yes".)

####..†####.......
#......## ##......
#.###...## ##.....
#.##.###.#####...#
#.#.## ##.##......
#.#.# #.##.##.##
#.#.# #.##.##.##
#.##. .###.##...
#h# # ####.#...#
#.....S...........
#####...####......
## ####.## ###


You could see a ball python.

Vanquished Creatures
  A bat (D:1)
  2 giant cockroaches (D:1)
  A goblin (D:1)
  3 hobgoblins (D:1)
  A ball python (D:1)
  2 rats (D:1)
10 creatures vanquished.

Notes
Turn   | Place    | Note
-------+----------+-------------------------------------------
     0 | D:1      | Ofeo the Demonspawn Shapeshifter began the quest for the
                  | Orb.
     0 | D:1      | Reached XP level 1. HP: 15/15 MP: 1/1
   462 | D:1      | Gained mutation: You may rarely emit foul miasma when
                  | damaged in melee. [demonic ancestry]
   462 | D:1      | Reached XP level 2. HP: 22/22 MP: 2/2
   577 | D:1      | Quit the game

Illustrated notes

Levels and vault maps discovered:
D:1:      spicycebolla_green_bress_n_ham, layout_loops_corners,
          shapermc_ecumenical_altar_mp_vishouse

Skill      XL: |  1 |
---------------+----+-----
Fighting       | 2 |  2.1
Dodging        | |  1.8
Unarmed Combat | |  2.7
Shapeshifting  | |  2.7

Action                     || total
---------------------------++-------
  Melee: Spear             ||    15
         Unarmed           ||     3
         Punch             ||     1
   Stab: Sleeping          ||     1
  Dodge: Dodged            ||     4

Table legend: (Time is in decaauts)
 A = Elapsed time spent in this place.
 B = Non-inter-level travel time spent in this place.
 C = Inter-level travel time spent in this place.
 D = Time resting spent in this place.
 E = Time spent auto-exploring this place.
 F = Levels seen in this place.
 G = Mean time per level.
                   A        B        C        D        E       F      G
               +--------+--------+--------+--------+--------+-----+--------+
         Total |    577 |    577 |      0 |      0 |    509 |   1 |  577.0 |
       Dungeon |    577 |    577 |      0 |      0 |    509 |   1 |  577.0 |
               +--------+--------+--------+--------+--------+-----+--------+

Top non-repeatable levels by time:
     D:1: 577 daAuts
